Map: Acolyte LE

Players

raw - Winner!

  • Race: Terran Terran
  • League: Silver
  • Spawn Location: 7:00

Winthrowe

  • Race: Protoss Protoss
  • League: Silver
  • Spawn Location: 1:00

VOD

Have the link to the VOD?

Description

Time

  • Played on: Sept. 2, 2017, 4:13 p.m.
  • Length: 9:41
Show
View Real Time Build Order
Export as new Build Order

raw Terran - Winner!

Build Orders: MMM Bio 

Get SALT Encoding   

  12  0:01  SCV  
  13  0:13  SCV  
  14  0:19  Supply Depot  
  14  0:26  SCV  
  15  0:29  Refinery  
  15  0:40  SCV  
  16  0:45  Barracks  
  16  0:53  SCV  
  17  1:05  SCV  
  18  1:17  SCV  
  19  1:29  SCV  
  20  1:36  Marine  
  21  1:42  Orbital Command  
  21  1:43  Factory  
  21  1:59  Command Center  
  21  2:10  Barracks Reactor  
  21  2:14  Supply Depot  
  21  2:17  Refinery  
  21  2:19  SCV  
  22  2:28  Supply Depot  
  22  2:35  Widow Mine  
  24  2:40  Starport  
  24  2:48  SCV  
  25  3:00  SCV  
  25  3:03  Widow Mine  
  29  3:12  SCV  
  29  3:23  Barracks  
  29  3:24  SCV  
  29  3:26  Barracks  
  30  3:28  Viking  
  32  3:34  Supply Depot  
  32  3:37  SCV  
  33  3:43  Orbital Command  
  33  3:54  Factory Tech Lab  
  33  3:58  Starport Tech Lab  
  33  4:11  Engineering Bay  
  33  4:15  Barracks  
  33  4:24  Factory Tech Lab  
  33  4:27  Starport Reactor  
  33  4:34  Supply Depot  
  31  5:43  Marine  
  31  5:44  Marine  
  31  5:45  Marine x3  
  31  5:46  Combat Shields, Stimpack  
  31  5:48  Terran Infantry Weapons Level 1  
  36  5:52  Armory  
  36  6:18  Medivac  
  36  6:19  Medivac  
  36  6:20  Marine x4  
  44  6:35  Siege Tank  
  44  6:38  Marine x4  
  44  6:39  Armory  
  51  6:46  SCV  
  52  6:48  Medivac  
  52  6:49  Medivac  
  52  6:52  SCV  
  57  6:55  Marine  
  57  6:56  Marine x3  
  57  6:58  SCV  
  62  7:04  SCV  
  63  7:10  SCV  
  63  7:13  Marine x3  
  63  7:14  Marine  
  68  7:16  SCV  
  68  7:22  SCV  
  70  7:32  Supply Depot  
  70  7:33  Medivac x2  
  74  7:40  Command Center  
  74  7:45  Supply Depot  
  74  7:58  SCV x2  
  74  8:01  Refinery  
  74  8:04  Refinery  
  76  8:10  SCV  
  76  8:11  SCV  
  78  8:17  Refinery  
  78  8:20  Supply Depot  
  78  8:21  Supply Depot, Refinery  
Show
View Real Time Build Order
Export as new Build Order

Winthrowe Protoss 

Build Orders:  

Get SALT Encoding   

  12  0:02  Probe (Chrono Boost)  
  13  0:12  Probe (Chrono Boost)  
  14  0:22  Pylon  
  14  0:25  Probe (Chrono Boost)  
  15  0:41  Probe (Chrono Boost)  
  16  0:44  Gateway  
  16  0:51  Probe (Chrono Boost)  
  16  0:52  Assimilator  
  17  1:02  Probe (Chrono Boost)  
  18  1:12  Probe (Chrono Boost)  
  19  1:23  Probe (Chrono Boost)  
  20  1:26  Assimilator  
  20  1:33  Probe (Chrono Boost)  
  20  1:36  Cybernetics Core  
  23  1:44  Probe (Chrono Boost)  
  22  1:55  Probe (Chrono Boost)  
  23  2:08  Pylon  
  23  2:15  Warp Gate  
  23  2:24  Gateway  
  23  2:26  Probe (Chrono Boost)  
  25  2:37  Probe (Chrono Boost)  
  25  2:43  Adept  
  27  2:47  Probe (Chrono Boost)  
  28  2:58  Probe (Chrono Boost)  
  29  3:09  Mothership Core (Chrono Boost)  
  31  3:21  Nexus  
  31  3:27  Gateway  
  31  3:36  Stargate  
  31  3:44  Stargate  
  31  3:57  Assimilator  
  31  4:01  Assimilator  
  31  4:10  Pylon  
  31  4:16  Pylon  
  31  4:22  Pylon  
  31  4:29  Probe (Chrono Boost)  
  32  4:39  Probe (Chrono Boost)  
  33  4:50  Probe (Chrono Boost)  
  31  5:00  Probe (Chrono Boost)  
  32  5:11  Probe (Chrono Boost)  
  33  5:28  Mothership Core (Chrono Boost)  
  33  5:32  Stalker  
  33  5:33  Stalker  
  33  5:34  Stalker  
  37  5:43  Void Ray x2  
  45  5:59  Probe (Chrono Boost)  
  45  6:00  Probe (Chrono Boost)  
  47  6:10  Probe x2 (Chrono Boost)  
  49  6:17  Pylon  
  49  6:20  Probe (Chrono Boost)  
  49  6:21  Probe (Chrono Boost)  
  51  6:25  Void Ray  
  51  6:31  Probe x2 (Chrono Boost)  
  57  6:35  Void Ray  
  61  6:41  Gateway x2  
  61  6:58  Protoss Air Weapons Level 1  
  61  7:04  Stalker  
  61  7:05  Stalker x2  
  67  7:25  Probe (Chrono Boost)  
  67  7:26  Probe (Chrono Boost)  
  67  7:28  Nexus  
  69  7:36  Probe x2 (Chrono Boost)  
  71  7:44  Phoenix  
  71  7:46  Phoenix, Probe (Chrono Boost)  
  71  7:47  Probe (Chrono Boost)  
  77  8:26  Pylon  
  77  8:29  Pylon  
  77  8:32  Pylon  
  75  8:35  Pylon  
  69  8:45  Pylon  
  69  8:48  Pylon  
  45  8:51  Pylon  
  45  8:53  Zealot x3  
  45  8:54  Zealot x2  
  45  9:12  Phoenix x2  
  44  9:20  Stalker x4  
  44  9:22  Stalker  
  44  9:23  Stalker x3  
Tags
 
Composition
MMM Bio
Matchup
PvT
Spawn Locations
Cross Positions
Add a new tag
Caveats
  • Supply blocks, unpowered buildings, or Contaminate may cause inaccurate times.
  • Supply counts are checked every 10 seconds.